 Dungeon Crawl Stone Soup version 0.25-a0-1015-g4819203062 (webtiles) character file.

Game seed: 16239057757802916650, levelgen mode: deterministic

31 Chiseanne the Charlatan (level 3, 26/27 HPs)
             Began as a Demonspawn Wanderer on May 12, 2020.
             Quit the game on level 1 of the Dungeon.
             The game lasted 00:01:41 (1526 turns).

Chiseanne the Charlatan (Demonspawn Wanderer)       Turns: 1526, Time: 00:01:41

Health: 26/27      AC:  2    Str: 12    XL:     3   Next: 7%
Magic:  6/6        EV: 14    Int: 16    God:
Gold:   98         SH:  0    Dex: 10    Spells: 6/6 levels left

rFire    . . .     SeeInvis .   a - +2 falchion
rCold    . . .     Gourm    .   (no shield)
rNeg     . . .     Faith    .   c - +0 robe
rPois    .         Spirit   .   (helmet restricted)
rElec    .         Reflect  .   (no cloak)
rCorr    .         Harm     .   (no gloves)
MR       .....                  (no boots)
Stlth    +.........             (no amulet)
HPRegen  0.09/turn              (no ring)
MPRegen  0.10/turn              (no ring)

@: no status effects
A: antennae 1, repulsion field 1
a: no special abilities


You were on level 1 of the Dungeon.
You were not hungry.

You visited 1 branch of the dungeon, and saw 1 of its levels.

You collected 98 gold pieces.

Inventory:

Hand Weapons
 a - a +2 falchion (weapon)
Missiles
 e - 41 stones (quivered)
 j - 21 arrows
Armour
 c - a +0 robe (worn)
Jewellery
 h - an uncursed ring of ice {unknown}
Scrolls
 f - 3 scrolls of remove curse {unknown}
 i - a scroll of identify {unknown}
Potions
 g - a potion of curing {unknown}
 k - a potion of stabbing {unknown}
Comestibles
 b - 2 chunks of flesh
 d - 2 rations


   Skills:
 * Level 1.8 Fighting
 - Level 1.7 Long Blades
 * Level 1.6 Dodging
 - Level 1.0 Stealth
 - Level 2.0 Spellcasting
   Level 1.0 Hexes
   Level 1.7 Earth Magic
   Level 2.0 Evocations


You had 6 spell levels left.
You didn't know any spells.
Your spell library was empty.

Dungeon Overview and Level Annotations

Branches:
Dungeon (1/15)

Altars:


Innate Abilities, Weirdness & Mutations

You have a pair of small antennae on your head.
You are surrounded by a mild repulsion field. (EV +2)


Message History

You closely miss the bat. The bat completely misses you.
You riposte.
You hit the bat.
You kill the bat!
No target in view!
No target in view!
No target in view!
No target in view!
No target in view!
No target in view!
No target in view!
No target in view!
No target in view!
No target in view!
No target in view!
No target in view!
No target in view!
No target in view!
No target in view!
No target in view!
Are you sure you want to abandon this character and quit the game? (Confirm with "yes".)

#...≈≈≈#+#'#≈≈≈≈≈
#...≈≈≈≈≈≈≈≈≈≈≈≈≈
#####...≈≈≈≈≈≈≈≈≈≈≈≈≈
.......≈≈≈≈≈≈≈≈≈≈≈≈≈
#...#..............
#...#..............
#...####.##########
#..................
##@#...............
#....?..###########..###
......... ..........#
########## ########..#
#######.####
............
#######.#### #......#
#.##.#.##


There were no monsters in sight!

Vanquished Creatures
  3 leopard geckos (D:1)
  7 bats (D:1)
  3 giant cockroaches (D:1)
  4 hobgoblins (D:1)
  4 jackals (D:1)
  A frilled lizard (D:1)
  A goblin (D:1)
  2 kobolds (D:1)
  A rat (D:1)
26 creatures vanquished.

Notes
Turn   | Place    | Note
-------+----------+-------------------------------------------
     0 | D:1      | Chiseanne the Demonspawn Wanderer began the quest for the
                  | Orb.
     0 | D:1      | Chiseanne set off with the following items: a +2 falchion,
                  | a potion of lignification, a +0 robe, a ration
     0 | D:1      | Reached XP level 1. HP: 13/13 MP: 3/3
   459 | D:1      | Reached skill level 1 in Fighting
   492 | D:1      | Reached skill level 1 in Dodging
   492 | D:1      | Gained mutation: You are surrounded by a mild repulsion
                  | field. (EV +2) [demonic ancestry]
   492 | D:1      | Reached XP level 2. HP: 17/21 MP: 5/5
  1380 | D:1      | Gained mutation: You have a pair of small antennae on your
                  | head. [demonic ancestry]
  1380 | D:1      | Reached XP level 3. HP: 18/27 MP: 6/6
  1526 | D:1      | Quit the game

Illustrated notes

Levels and vault maps discovered:
D:1:      dpeg_arrival_castle, layout_basic, chequers_serial_rivers_room_a,
          wander_ebering_terrifying_dragon_lair

Skill      XL: |  1 |
---------------+----+-----
Fighting       | 1 |  1.8
Dodging        | 1 |  1.6
Long Blades    | |  1.7
Stealth        | |  1.0
Spellcasting   | |  2.0
Hexes          | |  1.0
Earth Magic    | |  1.7
Evocations     | |  2.0

Action                   || total
-------------------------++-------
Melee: Falchion          ||    80
  Use: Potion            ||     1
 Stab: Sleeping          ||     3
  Eat: Chunk             ||     2
Armor: Robe              ||    18
       Skin              ||     9
Dodge: Dodged            ||    64
       Rpst.: Falchion   ||    23

Table legend:
 A = Non-vault XP
 B = Vault XP
 C = Vault XP percentage of total XP
 D = Non-vault monster count
 E = Vault monster count
 F = Vault count percentage of total count
                 A         B        C        D         E       F
            +---------+---------+-------+---------+---------+-------
      Total |      42 |       3 |   6.7 |      25 |       1 |   3.8
            +---------+---------+-------+---------+---------+-------
        D:1 |      42 |       3 |   6.7 |      25 |       1 |   3.8
            +---------+---------+-------+---------+---------+-------
